 Dungeon Crawl Stone Soup version 0.20.0-8-g6b59dc7 (webtiles) character file.

13020 Monsterracer the Cleaver (level 12, -2/95 HPs)
             Began as a Formicid Monk on June 2, 2017.
             Was a Priest of Makhleb.
             Slain by modulartoil's ghost (9 damage)
             ... on level 1 of the Lair of Beasts.
             The game lasted 00:29:33 (11241 turns).

Monsterracer the Cleaver (Formicid Monk)           Turns: 11241, Time: 00:29:34

Health: -2/95      AC: 21    Str: 20    XL:     12   Next: 27%
Magic:  17/17      EV: 10    Int: 10    God:    Makhleb [***...]
Gold:   620        SH:  5    Dex: 17    Spells: 11/11 levels left

rFire    + . .     SeeInvis +   m - +1 war axe
rCold    . . .     Gourm    +   p - +0 buckler
rNeg     . . .     Faith    .   j - +0 plate armour
rPois    .         Spirit   .   (helmet unavailable)
rElec    .         Reflect  .   x - +1 cloak
rCorr    +         Harm     .   b - +0 pair of gloves "Efast" {-Tele Regen+ Str+3}
MR       +....                  v - +1 pair of boots
Stlth    ..........             e - amulet of the gourmand
Regen    1.1/turn               w - +2 ring of protection
MPRegen  0.2/turn               n - ring of resist corrosion

@: no status effects
A: permanent stasis, dig shafts and tunnels, four strong arms, antennae 3, fire
resistance 1, regeneration 1
a: Dig, Shaft Self, Minor Destruction, Lesser Servant of Makhleb, Renounce
Religion


You were on level 1 of the Lair of Beasts.
You worshipped Makhleb.
Makhleb was most pleased with you.
You were very full.

You visited 3 branches of the dungeon, and saw 12 of its levels.

You collected 620 gold pieces.

Inventory:

Hand Weapons
 m - a +1 war axe (weapon)
Armour
 b - the +0 pair of gloves "Efast" (worn) {-Tele Regen+ Str+3}
   (You found it on level 7 of the Dungeon)

   It affects your strength (+3).
   It prevents most forms of teleportation.
   It increases your rate of regeneration.
 j - a +0 plate armour (worn)
 p - a +0 buckler (worn)
 v - a +1 pair of boots (worn)
 x - a +1 cloak (worn)
Jewellery
 e - an amulet of the gourmand (around neck)
 l - an uncursed ring of fire
 n - a ring of resist corrosion (right hand)
 w - a +2 ring of protection (left hand)
 y - an uncursed ring of protection from cold
Wands
 a - a wand of confusion (33/48)
 r - a wand of iceblast (9/15)
Scrolls
 h - a scroll of enchant weapon
 k - 4 scrolls of remove curse
 t - 6 scrolls of identify
Potions
 i - a potion of resistance
 o - 6 potions of curing
 q - a potion of heal wounds
 s - 3 potions of brilliance
 u - 2 potions of magic
 z - a potion of agility
Comestibles
 c - 12 bread rations
 d - 10 fruits
 f - 10 meat rations
 g - 12 royal jellies


   Skills:
 + Level 9.3 Fighting
 * Level 12.1 Axes
 + Level 8.2 Armour
 + Level 7.4 Dodging
 - Level 2.4 Stealth
 - Level 3.0 Shields
 + Level 6.7 Invocations


You had 11 spell levels left.
You didn't know any spells.

Dungeon Overview and Level Annotations

Branches:
Dungeon (10/15)            Temple (1/1) D:7            Lair (1/6) D:10
    Orc: D:9-12

Altars:
Ashenzari
Cheibriados
Dithmenos
Elyvilon
Fedhas
Gozag
Hepliaklqana
Kikubaaqudgha
Makhleb
Nemelex Xobeh
Okawaru
Qazlal
Ru
Sif Muna
Trog
Uskayaw
Vehumet
Xom
Yredelemnul
Zin
The Shining One

Shops:
D:4 (   D:5 *   D:6 (   D:8 (

Annotations:
D:3 Agrougrou's ghost, amateur GrFi
D:6 exclusion: electric eel
Lair:1 modulartoil's ghost, journeyman TrMo


Innate Abilities, Weirdness & Mutations

You cannot be hasted, slowed, berserked, paralysed or teleported.
You can dig through walls and to a lower floor.
Your four strong arms can wield two-handed weapons with a shield.
You have a pair of large antennae on your head. (SInv)
Your flesh is heat resistant. (rF+)
Your natural rate of healing is unusually fast.


Message History

Modulartoil's ghost hits you!!
* * * LOW HITPOINT WARNING * * *
Your smoke demon hits modulartoil's ghost but does no damage. x2
Your smoke demon barely misses modulartoil's ghost.
You closely miss modulartoil's ghost.
Modulartoil's ghost is severely damaged.
Modulartoil's ghost hits you!
* * * LOW HITPOINT WARNING * * *
Your smoke demon hits modulartoil's ghost but does no damage.
Your smoke demon hits modulartoil's ghost.
Your smoke demon misses modulartoil's ghost.
You barely miss modulartoil's ghost.
Modulartoil's ghost is severely damaged.
Modulartoil's ghost hits you.
* * * LOW HITPOINT WARNING * * *
Your smoke demon hits modulartoil's ghost.
Your smoke demon barely misses modulartoil's ghost.
Your smoke demon misses modulartoil's ghost.
Modulartoil's ghost hits you!
You die...

#####.........##.####
###.#P#'######
#####.# #..# #.##
#######'P###
#..#.......# ##
######.#.#3###.#
.####....'...#.W@#.#
.......###.##.####.#
..###### #.........#
### ##+.####### #.##
## ##..####P##
#.........# ##
#.........# .###
#[...†....#


You could see modulartoil's ghost and a friendly smoke demon.

Vanquished Creatures
  2 two-headed ogres (D:8)
  2 skeletal warriors
  Joseph (D:8)
  A black mamba (Lair:1)
  3 spiny frogs (Lair:1)
  A rime drake (Lair:1)
  A komodo dragon (D:10)
  3 hippogriffs
  A shadow (D:10)
  14 yaks
  2 wyverns (D:10)
  2 hogs (D:9)
  A steam dragon (D:10)
  2 hungry ghosts
  A human (D:9)
  A water moccasin (Lair:1)
  A swamp drake (D:10)
  4 orc warriors
  2 sky beasts
  An ice beast (D:9)
  3 phantoms
  A black bear (D:10)
  4 centaurs
  3 ogres
  3 crocodiles (D:10)
  4 bullfrogs
  A water moccasin zombie (D:9)
  A scorpion (D:8)
  4 killer bees (D:7)
  7 wights
  2 howler monkeys
  6 crimson imps
  A quasit (D:6)
  3 hounds
  4 jellies
  3 orc priests (D:5)
  A centaur skeleton (D:7)
  2 bullfrog skeletons (D:5)
  13 orc wizards
  Jessica (D:2)
  An iguana (D:8)
  8 worker ants
  A howler monkey zombie (D:6)
  4 gnolls (D:2)
  10 adders
  A shadow imp (D:7)
  An ooze (D:3)
  An adder skeleton (D:6)
  A worm (D:3)
  4 leopard geckos
  40 orcs
  A giant cockroach (D:4)
  9 goblins
  10 hobgoblins
  16 jackals
  6 quokkas
  2 bats (D:2)
  2 frilled lizards
  5 kobolds (D:2)
  7 rats
  A fungus (Lair:1)
244 creatures vanquished.

Vanquished Creatures (collateral kills)
  A skeletal warrior (D:9)
1 creature vanquished.

Vanquished Creatures (others)
  An orc priest (D:7)
  3 orcs (D:7)
4 creatures vanquished.

Grand Total: 249 creatures vanquished

Notes
Turn   | Place    | Note
-------+----------+-------------------------------------------
     0 | D:1      | Monsterracer the Formicid Monk began the quest for the Orb.
     0 | D:1      | Reached XP level 1. HP: 18/18 MP: 1/1
   393 | D:1      | Gained mutation: Your flesh is heat resistant. (rF+) [potion of mutation]
   393 | D:1      | Gained mutation: Your natural rate of healing is unusually fast. [potion of mutation]
   513 | D:1      | Reached XP level 2. HP: 24/24 MP: 2/2
   849 | D:2      | Reached skill level 4 in Axes
   849 | D:2      | Reached XP level 3. HP: 24/29 MP: 3/3
   991 | D:2      | Noticed Jessica
   999 | D:2      | Killed Jessica
   999 | D:2      | Reached XP level 4. HP: 28/35 MP: 4/4
  1142 | D:2      | Reached skill level 5 in Axes
  1163 | D:2      | Reached XP level 5. HP: 41/41 MP: 5/5
  1629 | D:3      | Found a blossoming altar of Fedhas.
  2081 | D:3      | Noticed Agrougrou's ghost (amateur GrFi)
  2422 | D:2      | You fall through a shaft!
  2484 | D:2      | You fall through a shaft for 2 floors!
  2855 | D:3      | Found a sacrificial altar of Ru.
  2958 | D:3      | Reached XP level 6. HP: 43/47 MP: 6/6
  3016 | D:4      | Reached skill level 6 in Axes
  3041 | D:4      | Reached skill level 1 in Armour
  3351 | D:4      | Reached skill level 1 in Shields
  3499 | D:4      | Found Labb's Weapon Shoppe.
  3842 | D:5      | Entered Level 5 of the Dungeon
  3880 | D:5      | Reached XP level 7. HP: 39/53 MP: 7/7
  3994 | D:5      | HP: 2/54 [orc wizard/puff of flame (3)]
  4159 | D:5      | Found a shadowy altar of Dithmenos.
  4212 | D:5      | Found Xotoli's General Store.
  4498 | D:5      | Reached skill level 7 in Axes
  4498 | D:5      | Reached XP level 8. HP: 46/61 MP: 8/8
  4697 | D:6      | Noticed a yak
  4716 | D:6      | Killed a yak
  4978 | D:6      | Reached skill level 5 in Fighting
  5422 | D:6      | Found Qoeru's Antique Weapon Emporium.
  5480 | D:6      | Reached XP level 9. HP: 65/68 MP: 9/9
  5603 | D:6      | Reached skill level 8 in Axes
  6160 | D:7      | Noticed a hippogriff
  6175 | D:7      | Killed a hippogriff
  6256 | D:7      | Reached skill level 5 in Armour
  6256 | D:7      | Reached skill level 5 in Dodging
  6353 | D:7      | Got a pair of heavily runed gloves
  6364 | D:7      | Identified the +0 pair of gloves "Efast" {-Tele Regen+ Str+3} (You found it on level 7 of the Dungeon)
  6435 | D:7      | Reached skill level 9 in Axes
  6456 | D:7      | HP: 2/70 [killer bee (2)]
  6658 | D:7      | Found a staircase to the Ecumenical Temple.
  6750 | Temple   | Entered the Ecumenical Temple
  6875 | Temple   | Became a worshipper of Makhleb the Destroyer
  6875 | Temple   | Reached * piety under Makhleb
  6875 | Temple   | Reached ** piety under Makhleb
  7152 | D:8      | Found Quohyrr's Weapon Emporium.
  7152 | D:8      | Noticed a two-headed ogre
  7316 | D:8      | Reached skill level 1 in Invocations
  7316 | D:8      | Reached XP level 10. HP: 50/77 MP: 10/10
  7416 | D:8      | Killed a two-headed ogre
  7481 | D:8      | Found a snail-covered altar of Cheibriados.
  7489 | D:8      | Noticed Joseph
  7494 | D:8      | Found a shimmering altar of Xom.
  7515 | D:8      | Killed Joseph
  7515 | D:8      | Reached skill level 10 in Axes
  7569 | D:8      | Found a stormy altar of Qazlal.
  7617 | D:8      | Noticed a two-headed ogre
  7626 | D:8      | Killed a two-headed ogre
  8305 | D:9      | Reached *** piety under Makhleb
  8305 | D:9      | Reached XP level 11. HP: 86/86 MP: 14/14
  9218 | D:9      | Found a glowing golden altar of the Shining One.
  9225 | D:9      | Found a white marble altar of Elyvilon.
  9243 | D:10     | Entered Level 10 of the Dungeon
  9406 | D:10     | Reached skill level 5 in Invocations
  9435 | D:10     | Reached skill level 11 in Axes
 10275 | D:10     | Noticed a skeletal warrior
 10275 | D:10     | Noticed a skeletal warrior
 10360 | D:9      | Killed a skeletal warrior
 10469 | D:10     | Killed a skeletal warrior
 10515 | D:10     | Noticed a skeletal warrior
 10587 | D:9      | Killed a skeletal warrior
 10765 | D:10     | Found a staircase to the Lair.
 10790 | Lair:1   | Entered Level 1 of the Lair of Beasts
 10824 | Lair:1   | Reached XP level 12. HP: 95/95 MP: 16/16
 11019 | Lair:1   | Reached skill level 12 in Axes
 11168 | Lair:1   | Noticed modulartoil's ghost (journeyman TrMo)
 11241 | Lair:1   | Slain by modulartoil's ghost

Skill      XL: |  1  2  3  4  5  6  7  8  9 10 11 12 |
---------------+-------------------------------------+-----
Axes           | 4 5 6 7 9 10 11 12 | 12.1
Armour         | 1 3 4 5 6 7 8 |  8.2
Dodging        | 3 4 5 6 7 |  7.4
Shields        | 1 2 3 |  3.0
Fighting       | 4 5 6 7 9 |  9.3
Invocations    | 1 4 6 |  6.7
Stealth        | |  2.4

Action                   |  1- 3 |  4- 6 |  7- 9 | 10-12 || total
-------------------------+-------+-------+-------+-------++-------
Melee: Hand axe          |    52 |   205 |       |       ||   257
       War axe           |       |    38 |   461 |   575 ||  1074
Invok: Minor Destruction |       |       |       |    48 ||    48
       Lesser Servant of |       |       |       |     6 ||     6
 Abil: Shaft Self        |       |     2 |       |       ||     2
       Dig               |       |       |       |     1 ||     1
  Use: Potion            |     5 |     2 |     3 |     1 ||    11
       Scroll            |       |     7 |     1 |     3 ||    11
 Stab: Sleeping          |     1 |     1 |     3 |       ||     5
       Invisible         |       |       |       |     3 ||     3
       Distracted        |       |       |       |     1 ||     1
  Eat: Chunk             |       |    13 |    24 |    21 ||    58
Armor: Robe              |     5 |     3 |       |       ||     8
       Skin              |       |    16 |       |       ||    16
       Ring mail         |       |    54 |    77 |       ||   131
       Chain mail        |       |    22 |       |       ||    22
       Plate armour      |       |       |    65 |   243 ||   308
Dodge: Dodged            |    39 |   137 |   281 |   187 ||   644
Block: Buckler           |       |     8 |   121 |    99 ||   228
